 Dungeon Crawl Stone Soup version 0.28-a0-241-gfbb0926a3a (webtiles) character file.

Game seed: 6980315737568681333

58510 PentaManta the Acrobat (level 14, 0/74 HPs)
             Began as a Spriggan Berserker on Aug 24, 2021.
             Was a High Priest of Trog.
             Slain by a four-headed hydra (1 damage)
             ... while petrified by a catoblepas
             ... on level 4 of the Lair of Beasts.
             The game lasted 00:48:27 (20616 turns).

PentaManta the Acrobat (Spriggan Berserker)        Turns: 20616, Time: 00:48:27

Health: 0/74       AC:  5    Str: 13    XL:     14   Next: 49%
Magic:  0/15       EV:  4    Int:  8    God:    Trog [*****.]
Gold:   1143       SH:  0    Dex: 20    Spells: 13/13 levels left

rFire   . . .      SeeInvis +   T - +10 quick blade (flame)
rCold   + + .      Faith    .   (shield restricted)
rNeg    + + +      Spirit   +   C - +2 robe {Will+}
rPois   ∞          Reflect  .   I - +0 hat
rElec   .          Harm     .   y - +0 cloak
rCorr   .          Rampage  .   (gloves unavailable)
Will    +++..                   (boots unavailable)
Stlth   ++++......              j - amulet of guardian spirit
HPRegen 0.22/turn               q - ring of protection from cold
MPRegen 0.14/turn               A - ring of protection from cold

@: petrified, very quick
A: very small, no large weapons, unfitting armour, see invisible, speed 3
a: Renounce Religion, Berserk, Trog's Hand, Brothers in Arms


You were on level 4 of the Lair of Beasts.
You worshipped Trog.
Trog was extremely pleased with you.
You visited 3 branches of the dungeon, and saw 16 of its levels.
You also visited: Ossuary and Ice Cave.

You collected 1203 gold pieces.
You spent 60 gold pieces at shops.

Inventory:

Hand Weapons
 F - a +1 dagger of venom
 L - a +3 scimitar of flaming
 O - a +3 rapier of freezing
 T - a +10 quick blade of flaming (weapon)
Missiles
 b - 2 throwing nets
 e - 7 boomerangs
 n - 76 poisoned darts
Armour
 y - a +0 cloak (worn)
 z - a scarf of invisibility
 C - a +2 robe of willpower (worn)
 G - the +2 robe of Vines {NoPotionHeal Regen+++}
   (You found it on level 6 of the Dungeon)

   Its wearer cannot be healed by potions.
   Regen:     It increases your rate of health regeneration.
 I - a +0 hat (worn)
 M - a +0 troll leather armour
Jewellery
 a - a ring of protection from fire
 j - an amulet of guardian spirit (around neck)
 q - a ring of protection from cold (left hand)
 A - a ring of protection from cold (right hand)
 S - a +4 ring of protection
Wands
 g - a wand of flame (15) (quivered)
 m - a wand of paralysis (8)
 o - a wand of iceblast (27)
 v - a wand of mindburst (13)
 J - a wand of charming (5)
Scrolls
 h - 4 scrolls of enchant armour
 i - 4 scrolls of magic mapping
 r - 7 scrolls of teleportation
 K - a scroll of fog
 Q - 2 scrolls of enchant weapon
Potions
 c - 7 potions of curing
 d - 6 potions of resistance
 f - a potion of invisibility {unknown}
 k - 2 potions of heal wounds
 l - 4 potions of lignification {unknown}
 p - 6 potions of haste
 s - 4 potions of flight
 t - 7 potions of brilliance
 u - a potion of might
 w - a potion of magic {unknown}
 x - 3 potions of degeneration {unknown}
 B - a potion of ambrosia
 E - a potion of mutation
 H - a potion of attraction {unknown}
 N - 2 potions of berserk rage
 P - a potion of cancellation {unknown}
Miscellaneous
 D - a phial of floods
 R - a piece from Xom's chessboard (15/15)
 U - a box of beasts


   Skills:
 + Level 8.5 Fighting
 - Level 10.1(10.9) Short Blades
 - Level 5.0(7.1) Long Blades
 * Level 21.3 Dodging
 - Level 8.5 Stealth
 * Level 8.8 Evocations


You had 13 spell levels left.
You didn't know any spells.
Your spell library contained the following spells:

 Spells                   Type           Power      Damage    Failure   Level
 Alistair's Intoxication  Tmut/Pois      0%         N/A       100%        5
 Borgnjor's Vile Clutch   Necr/Erth      0%         N/A       100%        5
 Eringya's Noxious Bog    Tmut/Pois      0%         N/A       100%        6


Dungeon Overview and Level Annotations

Branches:
Dungeon (11/15)            Temple (1/1) D:7            Lair (4/6) D:9
  Swamp (0/4) Lair:3          Orc (0/2) D:11        Ossuary (visited)
  IceCv (visited)
  Snake: Lair:2-4    Spider: Lair:2-4

Altars:
Ashenzari
Cheibriados
Dithmenos
Elyvilon
Fedhas
Gozag
Hepliaklqana
Kikubaaqudgha
Makhleb
Nemelex Xobeh
Okawaru
Qazlal
Ru
Sif Muna
Trog
Uskayaw
Vehumet
Wu Jian
Xom
Yredelemnul
Zin
The Shining One

Shops:
D:6 [   D:10 :   D:11 (

Annotations:
Lair:2 exclusion: 2 oklob plants


Innate Abilities, Weirdness & Mutations

You are very small and have problems with some larger weapons.
You are too small for most types of armour.
You have supernaturally acute eyesight. (SInv)
You cover ground extremely quickly. (Speed+++)


Message History

You are engulfed in calcifying dust.
You are slowing down.
You hit the four-headed hydra. You burn the four-headed hydra.
The four-headed hydra is lightly wounded.
You are engulfed in calcifying dust.
Your limbs have turned to stone.
The four-headed hydra bites you but does no damage.
The four-headed hydra bites you!
The four-headed hydra completely misses you.
The four-headed hydra misses you.
You have turned to stone.
You are engulfed in calcifying dust.
The four-headed hydra bites you.
The four-headed hydra bites you but does no damage. x2
The four-headed hydra bites you.
You are engulfed in calcifying dust.
The four-headed hydra barely misses you.
The four-headed hydra bites you. The four-headed hydra bites you!
The four-headed hydra barely misses you.
You are engulfed in calcifying dust.
The four-headed hydra closely misses you.
The four-headed hydra barely misses you.
The four-headed hydra bites you! The four-headed hydra bites you.
You are engulfed in calcifying dust.
The four-headed hydra bites you! The four-headed hydra bites you. x3
You are engulfed in calcifying dust.
The catoblepas gores you! The four-headed hydra bites you. x3
The four-headed hydra bites you but does no damage.
You are engulfed in calcifying dust.
The catoblepas roars fiercely, eyes lowered.
The catoblepas barely misses you. The four-headed hydra bites you. x2
The four-headed hydra bites you but does no damage. x2
The catoblepas gores you. The four-headed hydra bites you. x2
The four-headed hydra bites you!
* * * LOW HITPOINT WARNING * * *
The four-headed hydra bites you!
* * * LOW HITPOINT WARNING * * *
The catoblepas gores you!!
* * * LOW HITPOINT WARNING * * *
The four-headed hydra bites you.
* * * LOW HITPOINT WARNING * * *
The four-headed hydra bites you.
You die...

## ...#......
....###......#.
##..#.P...#....###.
...................
...........P.......
..........†P†......
..........P<..#
...........†.##
......Y@.....#
PP....D.......#
.................
........##.##..P..
.....##.#..# ..#..
..... .....# ...#.
.... P..#.## ..#
.....#...


You could see a catoblepas and a four-headed hydra.

Vanquished Creatures
  Harold (Lair:2)
  5 hydras
  A catoblepas (Lair:3)
  2 ironbound frosthearts (IceCv)
  Erica (D:8)
  3 two-headed ogres
  4 death yaks (IceCv)
  A deep elf pyromancer (D:7)
  A manticore (D:11)
  2 black mambas
  An ice statue (IceCv)
  5 cane toads
  3 komodo dragons
  A rime drake (IceCv)
  13 polar bears
  3 trolls
  2 tyrant leeches (Lair:3)
  5 blink frogs (Lair:1)
  A shadow (D:9)
  A vampire (D:7)
  2 wyverns (Lair:3)
  54 yaks
  A wraith (D:10)
  Sigmund (D:2)
  A basilisk (Lair:1)
  A swamp worm (Lair:3)
  10 water moccasins
  3 wargs (D:9)
  3 sky beasts
  2 orc warriors (D:9)
  An ice beast (D:6)
  6 black bears
  2 necrophages
  25 wolves
  3 ogres
  4 centaurs
  3 elf zombies
  5 bullfrogs
  Blork the orc (D:6)
  An elf skeleton (D:5)
  2 wyvern skeletons
  5 killer bees (D:9)
  A howler monkey (D:5)
  4 wights (D:8)
  An electric eel (Lair:1)
  A bullfrog zombie (D:7)
  5 centaur zombies
  2 human zombies
  4 hounds
  2 jellies (D:6)
  3 gnoll shamans
  4 orc priests
  A centaur skeleton (D:7)
  A human skeleton (D:5)
  Jessica (D:3)
  2 iguanas
  Terence (D:2)
  10 orc wizards
  2 mummies (Ossuary)
  Robin (D:3)
  14 gnolls
  A howler monkey skeleton (D:6)
  2 howler monkey zombies
  8 adders
  A shadow imp (D:7)
  A white imp (D:5)
  2 adder zombies (Ossuary)
  3 dart slugs
  36 orcs
  5 ball pythons
  6 bats
  11 endoplasms
  2 giant cockroaches (D:1)
  13 goblins
  7 hobgoblins
  3 jackals
  7 kobolds
  4 quokkas
  A frilled lizard (D:2)
  2 goblin zombies (Ossuary)
  4 hobgoblin zombies (Ossuary)
  2 jackal zombies (Ossuary)
  10 kobold zombies (Ossuary)
  12 orc zombies
  A quokka skeleton (D:4)
  7 rats
  2 rat zombies (Ossuary)
405 creatures vanquished.

Vanquished Creatures (collateral kills)
  Grinder (D:5)
  A hound skeleton (D:5)
  An adder (D:5)
  3 jackals (D:5)
6 creatures vanquished.

Vanquished Creatures (others)
  7 fungi
  15 plants
22 creatures vanquished.

Grand Total: 433 creatures vanquished

Notes
Turn   | Place    | Note
-------+----------+-------------------------------------------
     0 | D:1      | PentaManta the Spriggan Berserker began the quest for the
                  | Orb.
     0 | D:1      | Reached XP level 1. HP: 11/11 MP: 2/2
   126 | D:1      | Reached XP level 2. HP: 16/16 MP: 3/3
   387 | D:1      | Found a faded altar of an unknown god.
   628 | D:1      | Reached skill level 5 in Dodging
   968 | D:1      | Reached XP level 3. HP: 15/19 MP: 4/4
  1105 | D:1      | Reached ** piety under Trog
  1769 | D:2      | Noticed Terence
  1777 | D:2      | Killed Terence
  1778 | D:2      | Reached XP level 4. HP: 23/23 MP: 5/5
  1830 | D:2      | Noticed Sigmund
  1855 | D:2      | Killed Sigmund
  1856 | D:2      | Reached skill level 7 in Dodging
  1856 | D:2      | Reached XP level 5. HP: 24/27 MP: 6/6
  2830 | D:3      | Reached skill level 5 in Short Blades
  2830 | D:3      | Reached XP level 6. HP: 32/32 MP: 4/7
  3262 | D:3      | Noticed Jessica
  3271 | D:3      | Killed Jessica
  3272 | D:3      | Reached skill level 8 in Dodging
  3483 | D:3      | Noticed Robin
  3579 | D:3      | Killed Robin
  4760 | D:4      | Reached XP level 7. HP: 35/35 MP: 8/8
  4812 | D:4      | Reached *** piety under Trog
  4950 | D:4      | Reached skill level 9 in Dodging
  5098 | D:4      | Found a hazy altar of Hepliaklqana.
  5285 | D:5      | Entered Level 5 of the Dungeon
  5346 | D:5      | Noticed a komodo dragon
  5534 | D:5      | Killed a komodo dragon
  5535 | D:5      | Reached skill level 10 in Dodging
  5535 | D:5      | Reached XP level 8. HP: 38/39 MP: 6/9
  5731 | D:5      | Found a sand-covered staircase.
  5750 | Ossuary  | Entered an ossuary
  6109 | Ossuary  | Reached **** piety under Trog
  6125 | Ossuary  | Reached skill level 11 in Dodging
  6682 | D:5      | Found a glowing golden altar of the Shining One.
  6682 | D:5      | Noticed Grinder
  6710 | D:5      | Paralysed by Grinder for 4 turns
  6739 | D:5      | Killed Grinder
  6740 | D:5      | Reached skill level 12 in Dodging
  6979 | D:5      | Found a hide-covered altar of Uskayaw.
  7373 | D:5      | Found a hazy altar of Hepliaklqana.
  7453 | D:6      | Found Iclezaomo's Armour Shop.
  7470 | D:6      | Reached XP level 9. HP: 43/43 MP: 8/10
  7575 | D:6      | Noticed a troll
  7577 | D:6      | Reached skill level 13 in Dodging
  7653 | D:6      | Killed a troll
  7841 | D:6      | Noticed Blork the orc
  7845 | D:6      | Killed Blork the orc
  7882 | D:6      | Noticed a two-headed ogre
  7894 | D:6      | Killed a two-headed ogre
  7895 | D:6      | Reached skill level 14 in Dodging
  7995 | D:6      | Found a bloodstained altar of Trog.
  7995 | D:6      | Found a white marble altar of Elyvilon.
  8039 | D:6      | Found an ancient bone altar of Kikubaaqudgha.
  8039 | D:6      | Found a broken altar of Ashenzari.
  8306 | D:6      | Found the +2 robe of Vines {NoPotionHeal Regen+++}
  8690 | D:7      | Found a basalt altar of Yredelemnul.
  8888 | D:7      | Found a radiant altar of Vehumet.
  8890 | D:7      | Found a snail-covered altar of Cheibriados.
  8984 | D:7      | Reached XP level 10. HP: 32/47 MP: 7/11
  9261 | D:7      | Reached skill level 15 in Dodging
  9484 | D:7      | Found a staircase to the Ecumenical Temple.
  9507 | Temple   | Entered the Ecumenical Temple
  9567 | D:7      | Found a stormy altar of Qazlal.
  9731 | D:7      | Noticed a deep elf pyromancer
  9746 | D:7      | Killed a deep elf pyromancer
  9747 | D:7      | Reached skill level 10 in Short Blades
 10134 | D:6      | Bought a +0 hat for 60 gold pieces
 10230 | D:8      | Reached skill level 1 in Stealth
 10331 | D:8      | Noticed Erica
 10411 | D:8      | You fall into a shaft and drop 3 floors!
 10431 | D:11     | Noticed a two-headed ogre
 10452 | D:11     | Killed a two-headed ogre
 10552 | D:10     | Entered Level 10 of the Dungeon
 10651 | D:10     | Reached skill level 16 in Dodging
 10668 | D:9      | Reached skill level 5 in Stealth
 10936 | D:8      | Killed Erica
 10940 | D:8      | Reached ***** piety under Trog
 10948 | D:8      | Noticed a two-headed ogre
 11208 | D:8      | Killed a two-headed ogre
 11356 | D:8      | Reached XP level 11. HP: 53/53 MP: 12/12
 12406 | D:9      | Found a staircase to the Lair.
 12856 | D:9      | Reached skill level 1 in Long Blades
 13140 | D:10     | Found Helihi's Book Emporium.
 13240 | D:10     | Reached skill level 17 in Dodging
 14454 | D:11     | Found Wisaoj's Weapon Boutique.
 14898 | D:11     | Found a staircase to the Orcish Mines.
 15020 | Lair:1   | Entered Level 1 of the Lair of Beasts
 15047 | Lair:1   | Received a gift from Trog
 15168 | D:9      | Identified a scroll of acquirement
 15168 | D:9      | Acquired a scarf of invisibility
 15512 | Lair:1   | Reached skill level 5 in Fighting
 15552 | Lair:1   | Found a frozen archway.
 15585 | IceCv    | Entered an ice cave
 15640 | IceCv    | Noticed a death yak
 15641 | IceCv    | Noticed a death yak
 15676 | IceCv    | Killed a death yak
 15691 | IceCv    | Killed a death yak
 15692 | IceCv    | Reached skill level 18 in Dodging
 15692 | IceCv    | Reached XP level 12. HP: 53/60 MP: 6/13
 15894 | IceCv    | Reached skill level 5 in Long Blades
 16159 | IceCv    | Noticed a death yak
 16184 | IceCv    | Killed a death yak
 16453 | IceCv    | Reached skill level 19 in Dodging
 16585 | IceCv    | Noticed an ironbound frostheart
 16585 | IceCv    | Noticed a death yak
 16597 | IceCv    | Noticed an ironbound frostheart
 16605 | IceCv    | Killed an ironbound frostheart
 16619 | IceCv    | Killed a death yak
 16937 | IceCv    | Killed an ironbound frostheart
 17572 | Lair:1   | Reached skill level 20 in Dodging
 17711 | Lair:1   | Noticed a five-headed hydra
 17732 | Lair:1   | Killed a two-headed hydra
 17733 | Lair:1   | Reached XP level 13. HP: 23/67 MP: 3/14
 18187 | Lair:1   | Reached skill level 1 in Evocations
 18851 | Lair:2   | Noticed Harold
 18870 | Lair:2   | Killed Harold
 19029 | Lair:2   | Reached skill level 21 in Dodging
 19029 | Lair:2   | Reached XP level 14. HP: 73/73 MP: 15/15
 19814 | Lair:3   | Found a staircase to the Swamp.
 19888 | Lair:3   | Received a gift from Trog
 20616 | Lair:4   | HP: 3/74 [catoblepas (12)]
 20616 | Lair:4   | HP: 1/74 [four-headed hydra (2)]
 20616 | Lair:4   | Slain by a four-headed hydra

Illustrated notes

Levels and vault maps discovered:
D:1:      elethiomel_arrival_maze, layout_basic, basic_ecumenical_altar
D:2:      layout_loops_ring, uniq_terence, uniq_sigmund
D:3:      layout_basic, uniq_robin, uniq_jessica
D:4:      layout_cave_pools, minmay_ruined_shrine
D:5:      layout_basic, nicolae_hepliaklqana_hippocampus,
          nicolae_ossuary_entry_catacombs, hangedman_feature_mirror,
          uniq_grinder
D:6:      hangedman_cross_stitches, layout_loops_ring,
          mainiacjoe_overflow_alcove_3, serial_shops, nicolae_take_the_stairs,
          uniq_blork_the_orc
D:7:      minmay_chambers_of_sixes, layout_layer_cave,
          nicolae_qazlal_general_emergency, gammafunk_temple_overflow_forgotten,
          minmay_temple_entry_gardened_gates
D:8:      layout_rooms, uniq_erica
D:9:      layout_basic, erik_lair_orcish_takeover
D:10:     layout_loops_cross, serial_shops, nicolae_shop_trees
D:11:     layout_layer_cave, orc_0_dummy, serial_shops, shop_coins
Temple:   nicolae_temple_god_jail
Lair:1:   layout_long_grid, portal_ice_cave_entry_pillars_1,
          chequers_serial_rivers_micro_d, lemuel_fruit_fields,
          serial_bayou_shore_a, grunt_megastairs_4, infiniplex_staircase_pool_2
Lair:2:   layout_layer_cave, beast_lair_carwin_3, minmay_lair_oklob_chamber,
          uniq_harold
Lair:3:   layout_roguey, minmay_swamp_entry_worms
Lair:4:   layout_loops_ring, spider_nest_entry_funnel_web, uniq_nergalle

Skill      XL: |  1  2  3  4  5  6  7  8  9 10 11 12 13 14 |
---------------+-------------------------------------------+-----
Dodging        | 5 7 8 10 12 14 16 18 20 21 | 21.3
Short Blades   | 4 5 6 8 9 10 | 10.1
Stealth        | 7 8 |  8.5
Fighting       | 3 5 7 8 |  8.5
Long Blades    | 4 5 |  5.0
Evocations     | 7 8 |  8.8

Action                   |  1- 3 |  4- 6 |  7- 9 | 10-12 | 13-15 || total
-------------------------+-------+-------+-------+-------+-------++-------
Melee: Short sword       |   105 |   248 |   422 |   323 |       ||  1098
       Rapier            |       |       |   206 |   223 |       ||   429
       Quick blade       |       |       |       |   490 |   315 ||   805
       Dagger            |       |       |       |    87 |       ||    87
       Scimitar          |       |       |       |    13 |       ||    13
Throw: Boomerang         |     2 |     2 |    17 |     4 |       ||    25
       Dart              |       |       |     3 |       |       ||     3
Invok: Berserk           |     5 |    10 |    14 |    22 |     2 ||    53
       Trog's Hand       |       |     1 |     1 |       |       ||     2
       Brothers in Arms  |       |       |     1 |       |       ||     1
Evoke: Wand              |       |       |    10 |    10 |       ||    20
  Use: Scroll            |       |       |    13 |    11 |     4 ||    28
       Potion            |       |       |     2 |     1 |     1 ||     4
 Stab: Sleeping          |       |     1 |     1 |     1 |     3 ||     6
       Distracted        |       |       |       |     2 |       ||     2
       Paralysed         |       |       |       |     1 |       ||     1
       Petrifying        |       |       |       |       |     1 ||     1
Armor: Animal skin       |    16 |     9 |    46 |       |       ||    71
       Robe              |       |       |    13 |    46 |    14 ||    73
Dodge: Dodged            |    79 |   183 |   694 |   636 |   183 ||  1775
       Rpst.: Scimitar   |       |       |       |     3 |       ||     3

Table legend: (Time is in decaauts)
 A = Elapsed time spent in this place.
 B = Non-inter-level travel time spent in this place.
 C = Inter-level travel time spent in this place.
 D = Time resting spent in this place.
 E = Time spent auto-exploring this place.
 F = Levels seen in this place.
 G = Mean time per level.
                   A        B        C        D        E       F      G
               +--------+--------+--------+--------+--------+-----+--------+
         Total |  15832 |  15531 |    301 |   5076 |   6728 |  18 |  879.6 |
       Dungeon |  11658 |  11406 |    252 |   3919 |   4948 |  11 | 1059.8 |
        Temple |     34 |     27 |      7 |      0 |     19 |   1 |   34.0 |
          Lair |   2475 |   2434 |     41 |    322 |   1666 |   4 |  618.8 |
       Ossuary |    459 |    459 |      0 |     79 |      0 |   1 |  459.0 |
      Ice Cave |   1205 |   1205 |      0 |    755 |     94 |   1 | 1205.0 |
               +--------+--------+--------+--------+--------+-----+--------+

Top non-repeatable levels by time:
     D:9: 1526 daAuts
     D:1: 1474 daAuts
     D:7: 1265 daAuts
     D:3: 1224 daAuts
   IceCv: 1205 daAuts
  Lair:1: 1160 daAuts
     D:5: 1062 daAuts
    D:11: 1046 daAuts
     D:6: 1034 daAuts
     D:4: 927 daAuts
     D:2: 900 daAuts
  Lair:3: 660 daAuts
     D:8: 649 daAuts
  Lair:2: 628 daAuts
    D:10: 547 daAuts
